[Event "Titled Tuesday Blitz December 27 Late 2022"]
[White "Oro, Faustino"]
[Black "Torres Dominguez, David"]
[WhiteFideId "20000197"]
[BlackFideId "2220857"]
[WhiteElo "2269"]
[BlackElo "1994"]
[Result "1-0"]
[Round "07"]
[TimeControl "180+2"]
[Date "2022.12.27"]
[WhiteClock "0:00:06"]
[BlackClock "0:00:05"]

1. e4 Nc6 2. Nf3 e5 3. Bc4 Bc5 4. c3 Nf6 5. d3 d6 6. O-O a6 7. a4 Ba7 8. Re1 h6 9. Nbd2 g5 10. Nf1 g4 11. N3d2 h5 12. Ne3 Bxe3 13. Rxe3 h4 14. Nf1 Nh5 15. d4 Qf6 16. d5 Ne7 17. Qe1 Ng6 18. f3 Ngf4 19. fxg4 Bxg4 20. Qf2 Rg8 21. Kh1 Bd7 22. g3 hxg3 23. hxg3 Qh6 24. Nh2 Nh3 25. Qe1 Qg6 26. Kg2 Ng5 27. Rd3 Qxe4+ 28. Qxe4 Nxe4 29. g4 Bxg4 30. Nxg4 Rxg4+ 31. Kf3 f5 32. Ke2 Nhg3+ 33. Kf3 Nh1 34. Be3 Rg3+ 35. Ke2 Rg2+ 36. Kf3 Rg3+ 37. Ke2 Rh3 38. Rg1 O-O-O 39. Kd1 Rdh8 40. Kc2 Nhg3 41. Bc1 Rh2+ 42. Kb1 Rh1 43. Rgd1 R8h3 44. R3d2 Rxd1 45. Rxd1 Rh2 46. Rg1 Ne2 47. Rg8+ Kd7 48. Rg7+ Kd8 49. Bg5+ Ke8 50. Rg8+ Kf7 51. Rc8 Nxg5 52. Rxc7+ Kf6 53. Rxb7 Rh1+ 54. Ka2 Nf4 55. Rb6 Ne4 56. Rxa6 Rh2 57. Rb6 Nxc3+ 58. Kb3 Ne4 59. a5 Nc5+ 60. Ka3 Ke7 61. a6 Nxa6 62. Bxa6 Rh3+ 63. b3 Nxd5 64. Rb7+ Ke6 65. Bc4 1-0


[Site "https://www.chess.com"]

[Event "Titled Tuesday Blitz December 27 Late 2022"]
[White "Pakleza, Zbigniew"]
[Black "Srebrnic, Marko"]
[WhiteFideId "1119290"]
[BlackFideId "14603616"]
[WhiteElo "2494"]
[BlackElo "2366"]
[Result "1-0"]
[Round "07"]
[TimeControl "180+2"]
[Date "2022.12.27"]
[WhiteClock "0:00:05"]
[BlackClock "0:00:05"]

1. d4 Nf6 2. Nf3 d6 3. Bf4 Bf5 4. e3 c6 5. c4 h6 6. h3 Qb6 7. Qb3 Nbd7 8. Nc3 Ne4 9. Be2 Nxc3 10. bxc3 e6 11. O-O d5 12. c5 Qxb3 13. axb3 f6 14. b4 g5 15. Bg3 h5 16. b5 h4 17. Bh2 g4 18. hxg4 Bxg4 19. bxc6 bxc6 20. Ra6 h3 21. Rfa1 hxg2 22. Rxc6 a5 23. Kxg2 Rg8 24. Bg3 e5 25. Bb5 Kd8 26. c4 Bf5 27. cxd5 Be4 28. Bc4 exd4 29. exd4 Bxc5 30. dxc5 Ne5 31. Rxf6 Nxc4 32. Re1 Nd2 33. Rf4 Bxf3+ 34. Rxf3 Nxf3 35. Kxf3 a4 36. c6 a3 37. d6 a2 38. Bh4+ Kc8 39. d7+ Kc7 40. d8=Q+ Rgxd8 41. Bxd8+ Kxd8 42. Ra1 Kc7 43. Ke4 Kxc6 44. Kd3 Kb5 45. Kc3 Ra3+ 46. Kb2 Kb4 47. Rxa2 Rf3 48. Kb1 Kb3 49. Re2 Rf5 50. Kc1 Kc3 51. Kd1 Rh5 52. Re3+ Kd4 53. Ke2 Ra5 54. Re8 Rf5 55. f3 Rh5 56. Kf2 Rg5 57. f4 Rg7 58. Kf3 Rg1 59. f5 Rf1+ 60. Kg4 Kd5 61. Kg5 Kd6 62. f6 Kd7 63. Re2 Rg1+ 64. Kf5 Rf1+ 65. Kg6 Rg1+ 66. Kf7 Rg3 67. Rd2+ Kc7 68. Ke7 Re3+ 69. Kf8 Rf3 70. f7 Rf1 71. Rd4 Rf2 72. Kg7 Rg2+ 73. Kf6 Rf2+ 74. Ke6 Rg2 75. f8=Q Re2+ 76. Kd5 Rc2 77. Qd6+ Kb7 78. Rb4+ Ka7 79. Qb8+ Ka6 80. Qb6# 1-0


[Site "https://www.chess.com"]

[Event "Titled Tuesday Blitz December 27 Late 2022"]
[White "Papayan, Oleg"]
[Black "Schmidt, Harald"]
[WhiteFideId "4193911"]
[BlackFideId "4648358"]
[WhiteElo "2253"]
[BlackElo "2347"]
[Result "1-0"]
[Round "07"]
[TimeControl "180+2"]
[Date "2022.12.27"]
[WhiteClock "0:00:11"]
[BlackClock "0:00:48"]

1. e4 e5 2. Nf3 Nc6 3. Bb5 Nf6 4. O-O Nxe4 5. Re1 Nd6 6. Nxe5 Nxe5 7. Rxe5+ Be7 8. Bf1 O-O 9. d4 Bf6 10. Re1 c6 11. Bd3 Nb5 12. c3 d5 13. Nd2 Nd6 14. h3 Bf5 15. Nf3 Bxd3 16. Qxd3 Ne4 17. Bf4 Re8 18. Ne5 Bxe5 19. Bxe5 Qd7 20. f3 Nd6 21. b3 f6 22. Bf4 Qf5 23. Qxf5 Nxf5 24. g4 Nh4 25. Kf2 Kf7 26. a4 a6 27. c4 Rad8 28. c5 Ng6 29. Bd6 Nf8 30. Bxf8 Kxf8 31. Re3 Kf7 32. Ke2 Rxe3+ 33. Kxe3 h5 34. b4 Re8+ 35. Kd3 f5 36. g5 f4 37. h4 Re3+ 38. Kd2 Rxf3 39. b5 axb5 40. axb5 Ke6 41. Ra7 cxb5 42. Rxb7 Kf5 43. Rxg7 Ke4 44. c6 Kxd4 45. c7 Rc3 46. Rf7 b4 47. g6 Rd3+ 48. Ke2 Rc3 49. g7 1-0


[Site "https://www.chess.com"]

[Event "Titled Tuesday Blitz December 27 Late 2022"]
[White "Petrovic, Aleksa"]
[Black "Kavutskiy, Konstantin"]
[WhiteFideId "967629"]
[BlackFideId "2026384"]
[WhiteElo "2332"]
[BlackElo "2414"]
[Result "0-1"]
[Round "07"]
[TimeControl "180+2"]
[Date "2022.12.27"]
[WhiteClock "0:00:02"]
[BlackClock "0:00:39"]

1. d4 Nf6 2. c4 g6 3. Nc3 Bg7 4. e4 d6 5. Be2 O-O 6. Nf3 e5 7. O-O h6 8. Qc2 Nc6 9. dxe5 dxe5 10. Rd1 Nd4 11. Nxd4 exd4 12. c5 Qe7 13. Rxd4 Qxc5 14. Qd1 Ng4 15. Be3 Nxe3 16. fxe3 Bxd4 17. exd4 Qg5 18. e5 c5 19. Kh1 cxd4 20. Qxd4 Bf5 21. Nd5 Rad8 22. h4 Rxd5 23. Qxd5 Qxh4+ 24. Kg1 Rd8 25. Qc5 Rd2 26. Bf3 b6 27. Qe3 Rxb2 28. Rd1 Rxa2 29. Bd5 Qg4 30. Re1 Rc2 31. Bf3 Qg5 32. Qd4 Be6 33. Qd6 Qd2 34. Qxd2 Rxd2 35. Rc1 Kg7 36. Rc7 a5 37. Rb7 Rb2 38. Kf1 a4 39. Ra7 b5 40. Ke1 Bb3 41. Be4 b4 42. Bc6 a3 43. Rb7 Bc4 44. Be8 a2 0-1


[Site "https://www.chess.com"]

[Event "Titled Tuesday Blitz December 27 Late 2022"]
[White "Pinheiro, Iung Alicio de O."]
[Black "Hoffmann, Asa"]
[WhiteFideId "2104350"]
[BlackFideId "2001470"]
[WhiteElo "2306"]
[BlackElo "2185"]
[Result "1-0"]
[Round "07"]
[TimeControl "180+2"]
[Date "2022.12.27"]
[WhiteClock "0:00:19"]
[BlackClock "0:01:30"]

1. e4 d6 2. d4 Nf6 3. Nc3 c6 4. a4 Qa5 5. Bd2 e5 6. Nf3 Bg4 7. Nd5 Qd8 8. Nxf6+ Qxf6 9. dxe5 dxe5 10. Be2 h6 11. O-O Bc5 12. Ne1 Be6 13. Nd3 Bd6 14. Kh1 Nd7 15. f4 exf4 16. Bxf4 Bxf4 17. Nxf4 Qe5 18. Nxe6 Qxe6 19. Bg4 Qe7 20. Bxd7+ Qxd7 21. Qxd7+ Kxd7 22. Rxf7+ Ke6 23. Rxg7 Rad8 24. Rxb7 Rd2 25. Rxa7 Rxc2 26. Rb7 Rd8 27. b4 Rdd2 28. Rg1 Ra2 29. a5 h5 30. Rb6 Kd7 31. b5 cxb5 32. Rxb5 h4 33. Rh5 Re2 34. Rxh4 Rxa5 35. Rf4 Ke6 36. h3 Raa2 37. Rg4 Rf2 38. Rd1 Rae2 39. Rd5 Rxe4 40. Rxe4+ Kxd5 41. Re1 Rf8 42. Kh2 Rg8 43. g4 Kd6 44. Kg3 Kd7 45. h4 Ra8 46. h5 Ra3+ 47. Kh4 Ra2 48. h6 Ra6 49. Kh5 Ra5+ 50. g5 Re5 51. Rxe5 1-0


[Site "https://www.chess.com"]

[Event "Titled Tuesday Blitz December 27 Late 2022"]
[White "Poltorak, Sebastian"]
[Black "Gahan, M G"]
[WhiteFideId "1199498"]
[BlackFideId "5027373"]
[WhiteElo "2354"]
[BlackElo "2247"]
[Result "0-1"]
[Round "07"]
[TimeControl "180+2"]
[Date "2022.12.27"]
[WhiteClock "0:00:07"]
[BlackClock "0:01:39"]

1. d4 Nf6 2. c4 g6 3. Nc3 d5 4. Nf3 Bg7 5. h4 c5 6. cxd5 Nxd5 7. e3 Nc6 8. Bd2 cxd4 9. exd4 Bg4 10. Be2 O-O 11. Qb3 Nb6 12. d5 Bxf3 13. Bxf3 Nd4 14. Qd1 Nc4 15. Rb1 Nxd2 16. Qxd2 Nxf3+ 17. gxf3 Rc8 18. O-O e6 19. Rbd1 Qxh4 20. Rfe1 Bh6 21. Qd4 Qxd4 22. Rxd4 Bg7 23. Rd3 Bxc3 24. bxc3 Rfd8 25. d6 Rd7 26. Kg2 Rc6 27. Red1 f6 28. f4 Kf7 29. Kf3 e5 30. fxe5 fxe5 31. Re1 Ke6 32. Rde3 Rc5 33. Rh1 Kxd6 34. Rd3+ Rd5 35. Re3 Ke6 36. Ke4 Rc5 37. Kf3 Kf5 38. Rc1 Rdc7 39. Ke2 b5 40. a3 a5 41. Kd2 b4 42. axb4 axb4 0-1


[Site "https://www.chess.com"]

[Event "Titled Tuesday Blitz December 27 Late 2022"]
[White "Popilski, Gil"]
[Black "Putnam, Liam"]
[WhiteFideId "2809060"]
[BlackFideId "30938279"]
[WhiteElo "2443"]
[BlackElo "2285"]
[Result "0-1"]
[Round "07"]
[TimeControl "180+2"]
[Date "2022.12.27"]
[WhiteClock "0:00:07"]
[BlackClock "0:00:09"]

1. e4 c5 2. Nf3 d6 3. d4 cxd4 4. Nxd4 Nf6 5. Nc3 a6 6. Bd3 e5 7. Nde2 Be7 8. O-O O-O 9. Ng3 Be6 10. h3 Nbd7 11. Qf3 b5 12. a4 b4 13. Nd5 Bxd5 14. exd5 Nc5 15. Bc4 Re8 16. a5 g6 17. Qe2 Qc7 18. b3 Bf8 19. Bd2 Qb7 20. Rfd1 Bg7 21. c3 Nxd5 22. cxb4 Nxb4 23. Bxb4 Qxb4 24. Ne4 Nxe4 25. Qxe4 Qc5 26. Rd5 Qc6 27. Rad1 Kh8 28. Qf3 Qc7 29. Rxd6 Ra7 30. Qe3 Bf8 31. Rf6 Re7 32. Rb6 Kg7 33. Rdd6 Re8 34. h4 Bxd6 35. Rxd6 Qxd6 36. Qxa7 Re7 37. Qe3 e4 38. b4 Qd1+ 39. Kh2 Qd6+ 40. g3 Qxb4 41. Qd4+ f6 42. Qd5 Qb8 43. Qc5 Qf8 44. Qd5 e3 45. fxe3 Rxe3 46. Qb7+ Qe7 47. Qxa6 Qe5 48. Qb7+ Kh6 49. Qg2 f5 50. a6 f4 51. a7 fxg3+ 52. Kh1 Re1+ 53. Bf1 Qf4 54. Kg1 Qe3+ 55. Kh1 Qxa7 56. Qd2+ Qe3 57. Qxe3+ Rxe3 58. Kg2 Kh5 59. Kh3 g2+ 60. Kxg2 Kxh4 61. Kf2 Rg3 62. Be2 g5 63. Bc4 g4 64. Bf7 Rf3+ 65. Kg2 Rxf7 66. Kh2 Rf2+ 67. Kh1 Kg3 0-1


[Site "https://www.chess.com"]

[Event "Titled Tuesday Blitz December 27 Late 2022"]
[White "Potapova, Margarita"]
[Black "Samsonkin, Artiom"]
[WhiteFideId "14126869"]
[BlackFideId "13503111"]
[WhiteElo "2104"]
[BlackElo "2420"]
[Result "1/2-1/2"]
[Round "07"]
[TimeControl "180+2"]
[Date "2022.12.27"]
[WhiteClock "0:02:03"]
[BlackClock "0:00:52"]

1. d4 Nf6 2. c4 e6 3. Nc3 Bb4 4. Qc2 O-O 5. e4 d6 6. e5 dxe5 7. dxe5 Ng4 8. Nf3 Nc6 9. Bf4 Nd4 10. Qe4 c5 11. Bd3 f5 12. exf6 Nxf6 13. Qe3 Ng4 14. Qe4 Nf6 15. Qe3 Nf5 16. Qe2 Nd4 17. Qe3 1/2-1/2


[Site "https://www.chess.com"]

[Event "Titled Tuesday Blitz December 27 Late 2022"]
[White "Preotu, Razvan"]
[Black "Koutlas, Nikolaos"]
[WhiteFideId "2613280"]
[BlackFideId "25827138"]
[WhiteElo "2475"]
[BlackElo "2341"]
[Result "1-0"]
[Round "07"]
[TimeControl "180+2"]
[Date "2022.12.27"]
[WhiteClock "0:00:09"]
[BlackClock "0:00:01"]

1. e4 c5 2. Nf3 Nc6 3. Bb5 Qb6 4. Nc3 e6 5. Bxc6 Qxc6 6. d4 cxd4 7. Nxd4 Qc7 8. O-O Nf6 9. Qf3 a6 10. Bf4 Qb6 11. Nb3 d6 12. Rad1 Be7 13. Rd2 O-O 14. h3 h6 15. Rfd1 e5 16. Be3 Qc7 17. g4 Be6 18. g5 hxg5 19. Bxg5 Rad8 20. Nc1 b5 21. a3 Qb7 22. N1e2 a5 23. Bxf6 Bxf6 24. Rxd6 Rxd6 25. Rxd6 b4 26. Nd5 Bxd5 27. Rxd5 bxa3 28. Qxa3 Rc8 29. Nc3 a4 30. Kg2 Rc4 31. Ra5 Be7 32. Qa2 Rd4 33. Rxa4 Rd2 34. Ra8+ Kh7 35. Ra7 Rxf2+ 36. Kg3 Qb6 37. Nd5 Bh4+ 38. Kxh4 Qg6 39. Ra6 1-0


[Site "https://www.chess.com"]

[Event "Titled Tuesday Blitz December 27 Late 2022"]
[White "Ptacnikova, Lenka"]
[Black "Can, Melih Kaan"]
[WhiteFideId "305650"]
[BlackFideId "6317383"]
[WhiteElo "2099"]
[BlackElo "2069"]
[Result "0-1"]
[Round "07"]
[TimeControl "180+2"]
[Date "2022.12.27"]
[WhiteClock "0:01:55"]
[BlackClock "0:02:00"]

1. d4 Nf6 2. Nc3 c5 3. d5 g6 4. e4 d6 5. h3 Bg7 6. Be3 O-O 7. Qd2 a6 8. a4 e6 9. dxe6 Bxe6 10. Rd1 Nc6 11. Nf3 Qb6 12. b3 Rad8 13. Nd5 Bxd5 14. exd5 Nb4 15. Bc4 Ne4 16. Qd3 Nxd3+ 0-1


[Site "https://www.chess.com"]

[Event "Titled Tuesday Blitz December 27 Late 2022"]
[White "Quinones Garcia, Santiago"]
[Black "Antonova, Nadezhda"]
[WhiteFideId "4408497"]
[BlackFideId "14700182"]
[WhiteElo "2248"]
[BlackElo "1945"]
[Result "1-0"]
[Round "07"]
[TimeControl "180+2"]
[Date "2022.12.27"]
[WhiteClock "0:02:29"]
[BlackClock "0:00:02"]

1. d4 Nf6 2. c4 g6 3. Nc3 Bg7 4. e4 d6 5. Nf3 O-O 6. h3 Na6 7. Be3 e5 8. d5 Nh5 9. g3 Qe8 10. Be2 Bd7 11. Nd2 Nf6 12. g4 Kh8 13. g5 Ng8 14. h4 f5 15. f3 f4 16. Bf2 Ne7 17. h5 Kg8 18. Qc2 c6 19. O-O-O cxd5 20. cxd5 Rc8 21. Kb1 b5 22. Qb3 Nc5 23. Bxc5 Rxc5 24. hxg6 hxg6 25. Rh4 a5 26. a3 a4 27. Na2 1-0


[Site "https://www.chess.com"]

[Event "Titled Tuesday Blitz December 27 Late 2022"]
[White "Rego, Pedro Filipe"]
[Black "Toniutti, Ezio"]
[WhiteFideId "1904310"]
[BlackFideId "113034"]
[WhiteElo "2312"]
[BlackElo "2224"]
[Result "0-1"]
[Round "07"]
[TimeControl "180+2"]
[Date "2022.12.27"]
[WhiteClock "0:00:05"]
[BlackClock "0:00:08"]

1. d4 d5 2. Nc3 Nf6 3. Bf4 e6 4. e3 Bd6 5. Bg3 O-O 6. Nf3 b6 7. Bd3 Bb7 8. O-O c5 9. Ne5 Nc6 10. Nb5 Be7 11. c3 a6 12. Na3 c4 13. Bc2 b5 14. Nb1 a5 15. Nd2 b4 16. e4 Nxe5 17. dxe5 Nxe4 18. Bxe4 dxe4 19. Nxc4 Ba6 20. Nd6 Bxf1 21. Qxf1 f5 22. Qc4 Qd7 23. Bf4 g5 24. Be3 Bxd6 25. Rd1 Rac8 26. Qd4 bxc3 27. bxc3 f4 28. Bc1 Qc6 29. exd6 Qd5 30. Qa4 Rc4 31. Rxd5 Rxa4 32. Rxg5+ Kf7 33. Bxf4 Rxa2 34. g3 Rc2 35. Rc5 a4 36. Rc7+ Kf6 37. h4 e5 38. Bg5+ Ke6 39. d7 a3 40. Ra7 a2 41. Kg2 Rfxf2+ 42. Kh3 h5 43. d8=N+ Kd5 44. Rd7+ Kc4 45. Rc7+ Kb5 46. Rb7+ Ka6 47. Ra7+ Kxa7 48. Be3+ Ka6 49. Bxf2 Rxf2 50. Nc6 a1=Q 0-1


[Site "https://www.chess.com"]

[Event "Titled Tuesday Blitz December 27 Late 2022"]
[White "Rengifo Blancas, Renzo Jhonathan"]
[Black "Urbina Perez, Juan Antonio"]
[WhiteFideId "3807185"]
[BlackFideId "2217368"]
[WhiteElo "2131"]
[BlackElo "2266"]
[Result "1-0"]
[Round "07"]
[TimeControl "180+2"]
[Date "2022.12.27"]
[WhiteClock "0:01:08"]
[BlackClock "0:00:47"]

1. d4 d5 2. c4 c6 3. cxd5 cxd5 4. Nc3 Nf6 5. Nf3 Nc6 6. Bf4 a6 7. e3 Bf5 8. h3 e6 9. Bd3 Bxd3 10. Qxd3 Bd6 11. O-O Bxf4 12. exf4 O-O 13. Rfe1 Rc8 14. f5 exf5 15. Qxf5 Qd6 16. Rad1 h6 17. Ne5 Rfe8 18. a3 Rc7 19. Nxc6 Rxe1+ 20. Rxe1 Qxc6 21. Re5 Rd7 22. Qd3 b5 23. g3 Qc4 24. Qe3 Qc8 25. Kg2 Qd8 26. Na2 Ne4 27. Nb4 f6 28. Re6 a5 29. Nxd5 Ng5 30. Re8+ 1-0


[Site "https://www.chess.com"]

[Event "Titled Tuesday Blitz December 27 Late 2022"]
[White "Ronka, Erik"]
[Black "TheKnightOfBosnia"]
[WhiteFideId "505080"]
[WhiteElo "2276"]
[BlackElo "2434"]
[Result "1/2-1/2"]
[Round "07"]
[TimeControl "180+2"]
[Date "2022.12.27"]
[WhiteClock "0:00:06"]
[BlackClock "0:00:11"]

1. d4 Nf6 2. Nf3 e6 3. g3 b6 4. Bg2 Bb7 5. O-O g6 6. c4 Bg7 7. Nc3 O-O 8. Qc2 d5 9. cxd5 exd5 10. Bf4 Na6 11. Rfd1 Re8 12. Rac1 Qe7 13. Ne5 c6 14. Qa4 Rac8 15. e3 Qb4 16. Bf1 Qxa4 17. Nxa4 Nb8 18. Be2 Nbd7 19. b4 Nxe5 20. Bxe5 Ne4 21. Bxg7 Kxg7 22. b5 cxb5 23. Bxb5 Red8 24. f3 Nd6 25. Bd3 f5 26. Kf2 Kf6 27. Nc3 Ke6 28. Ne2 Rxc1 29. Nxc1 Rc8 30. Nb3 Bc6 31. Ke2 Ba4 32. Kd2 Nc4+ 33. Ke2 Bxb3 34. axb3 Nb2 35. Ra1 Nxd3 36. Kxd3 a5 37. b4 axb4 38. Ra6 Rc3+ 39. Kd2 Rc6 40. Ra4 b3 41. Rb4 Rc2+ 42. Kd3 Rxh2 43. Rxb6+ Kf7 44. Rxb3 Rh3 45. Rb5 Ke6 46. Rb6+ Kd7 47. Rb7+ Kc6 48. Rg7 Rxg3 49. Rxh7 Rxf3 50. Re7 Kd6 51. Rg7 Rg3 52. Ke2 Ke6 53. Kf2 Rg4 54. Kf3 Rg1 55. Ra7 Rb1 56. Ra6+ Kf7 57. Ra5 Ke6 58. Ra6+ Kf7 59. Ra5 Ke6 60. Ra6+ 1/2-1/2


[Site "https://www.chess.com"]

[Event "Titled Tuesday Blitz December 27 Late 2022"]
[White "Rosen, Eric"]
[Black "Ezat, Mohamed"]
[WhiteFideId "2032562"]
[BlackFideId "10600906"]
[WhiteElo "2349"]
[BlackElo "2402"]
[Result "0-1"]
[Round "07"]
[TimeControl "180+2"]
[Date "2022.12.27"]
[WhiteClock "0:00:03"]
[BlackClock "0:00:11"]

1. d4 Nf6 2. Bf4 d5 3. e3 e6 4. Nf3 Bd6 5. Ne5 Nbd7 6. Nd2 O-O 7. Bd3 b6 8. c3 Bb7 9. Qf3 a6 10. h4 Qe7 11. h5 c5 12. h6 g6 13. O-O-O cxd4 14. exd4 b5 15. Bg5 b4 16. Nxd7 bxc3 17. Nxf6+ Kh8 18. Nxd5 Qxg5 19. Qf6+ Qxf6 20. Nxf6 cxd2+ 21. Kxd2 Bxg2 22. Rhg1 Bf3 23. Rde1 Rab8 24. Ke3 Ba8 25. b3 Rfd8 26. Rc1 e5 27. dxe5 Bxe5 28. Ne4 Bd4+ 29. Ke2 Re8 30. Kf3 f5 31. Rge1 fxe4+ 32. Bxe4 Rxe4 33. Rxe4 Re8 34. Re1 Rxe4 35. Rxe4 g5 36. b4 Kg8 37. a4 Kf7 38. b5 axb5 39. axb5 Kg6 40. b6 Bxb6 41. Kg4 Bxe4 42. f3 Bf5+ 43. Kg3 Bc7+ 44. Kg2 Kxh6 45. f4 gxf4 0-1


[Site "https://www.chess.com"]

[Event "Titled Tuesday Blitz December 27 Late 2022"]
[White "Sadilek, Peter"]
[Black "Orzech, Dominik"]
[WhiteFideId "1616439"]
[BlackFideId "1115065"]
[WhiteElo "2314"]
[BlackElo "2308"]
[Result "0-1"]
[Round "07"]
[TimeControl "180+2"]
[Date "2022.12.27"]
[WhiteClock "0:01:43"]
[BlackClock "0:02:03"]

1. d4 Nf6 2. Nf3 c5 3. d5 e6 4. c4 exd5 5. cxd5 d6 6. Nc3 g6 7. Bg5 Bg7 8. e4 a6 9. a4 h6 10. Bh4 O-O 11. Nd2 Re8 12. Be2 Nbd7 13. O-O Rb8 14. Qc2 Qe7 15. Rfe1 g5 16. Bg3 Ne5 17. Nc4 Nfd7 18. f4 gxf4 19. Bxf4 Nxc4 20. Bxc4 Ne5 21. Bf1 Bd7 22. h3 Qh4 23. Be3 Qg3 24. Bf2 Nf3+ 0-1


[Site "https://www.chess.com"]

[Event "Titled Tuesday Blitz December 27 Late 2022"]
[White "Sanchez, Robert"]
[Black "Yurasova, Daria"]
[WhiteFideId "2034360"]
[BlackFideId "34146919"]
[WhiteElo "1966"]
[BlackElo "2095"]
[Result "0-1"]
[Round "07"]
[TimeControl "180+2"]
[Date "2022.12.27"]
[WhiteClock "0:01:52"]
[BlackClock "0:01:54"]

1. e4 e5 2. Nf3 Nc6 3. Bb5 a6 4. Ba4 Nf6 5. d3 b5 6. Bb3 Bc5 7. Nc3 d6 8. Bg5 h6 9. Bh4 g5 10. Nxg5 hxg5 11. Bxg5 Rg8 12. h4 Bb4 13. Qf3 Bxc3+ 14. bxc3 Rg6 15. Bd5 Bb7 16. Qf5 Qe7 17. h5 Rxg5 18. Qxg5 Nxd5 19. Qg8+ Kd7 20. Qg4+ Qe6 21. Qxe6+ fxe6 22. exd5 exd5 23. g4 d4 24. h6 dxc3 25. h7 Nd4 26. h8=Q Nxc2+ 27. Kd1 Rxh8 28. Rxh8 Nxa1 29. g5 e4 30. dxe4 Bxe4 31. Rg8 b4 32. g6 b3 33. axb3 c2+ 34. Kd2 Nxb3+ 0-1


[Site "https://www.chess.com"]

[Event "Titled Tuesday Blitz December 27 Late 2022"]
[White "Senthil, Maran K"]
[Black "Jenkins, Drake"]
[WhiteFideId "25035681"]
[BlackFideId "2022397"]
[WhiteElo "2209"]
[BlackElo "2130"]
[Result "1-0"]
[Round "07"]
[TimeControl "180+2"]
[Date "2022.12.27"]
[WhiteClock "0:00:07"]
[BlackClock "0:00:01"]

1. c4 Nf6 2. g3 c5 3. Bg2 g6 4. Nf3 d5 5. d4 cxd4 6. O-O dxc4 7. Nxd4 a6 8. Na3 e5 9. Nf3 Qxd1 10. Rxd1 Bxa3 11. bxa3 Nc6 12. Bb2 Nd7 13. Rac1 f6 14. Nd2 Nb6 15. Ne4 O-O 16. Rd6 Kg7 17. Nc5 Rd8 18. Rcd1 Rxd6 19. Rxd6 Rb8 20. Bc3 Kf7 21. Bxc6 bxc6 22. Rxc6 Nd5 23. Bb4 Bh3 24. f3 Nxb4 25. axb4 Rxb4 26. Rc7+ Kg8 27. Nxa6 Rb1+ 28. Kf2 Rc1 29. Nb4 f5 30. Nd5 h5 31. f4 e4 32. Ke3 1-0


[Site "https://www.chess.com"]

[Event "Titled Tuesday Blitz December 27 Late 2022"]
[White "Shtompel, Yuriy"]
[Black "Guevara Sanchez, Erick Marvin"]
[WhiteFideId "14168278"]
[BlackFideId "6700136"]
[WhiteElo "1938"]
[BlackElo "2073"]
[Result "0-1"]
[Round "07"]
[TimeControl "180+2"]
[Date "2022.12.27"]
[WhiteClock "0:00:08"]
[BlackClock "0:00:08"]

1. e4 c5 2. Nf3 Nc6 3. d4 cxd4 4. Nxd4 Nf6 5. Nc3 e5 6. Ndb5 d6 7. Bg5 a6 8. Na3 b5 9. Nd5 Be7 10. Bxf6 Bxf6 11. c3 Bg5 12. Nc2 Ne7 13. Ncb4 O-O 14. Be2 a5 15. Nxe7+ Qxe7 16. Nd5 Qb7 17. O-O Be6 18. Qd3 Rab8 19. Rfd1 Kh8 20. Qg3 Bh6 21. Bg4 f5 22. Bxf5 Rxf5 23. exf5 Bxd5 24. Qd3 Bxg2 25. Qxd6 Bg5 26. Qxe5 Bh1 27. Qg3 h6 28. Rd4 Bf3 29. Re1 Qb6 30. Qxf3 Rf8 31. Qg3 b4 32. Rg4 Bf6 33. cxb4 axb4 34. b3 Bc3 35. Rd1 Re8 36. Rc4 Qa5 37. Qf3 Qxa2 38. Kg2 Qc2 39. Rd3 Qxb3 40. Rc7 Qb2 41. Qg3 Be5 42. Qg6 Bxc7 43. Qxe8+ Kh7 44. Qg6+ Kh8 45. Qe8+ Kh7 46. Qg6+ Kh8 47. Rd7 Qe5 48. Qg3 Qe4+ 49. Qf3 Qxf3+ 50. Kxf3 Bxh2 51. Rb7 Bd6 52. Ke3 h5 53. Kd4 h4 54. Kd5 Bf8 55. Rb8 Kg8 56. Ke4 h3 57. Kf3 Kf7 58. Rb7+ Kg8 59. Kg3 h2 60. Kxh2 Bd6+ 61. Kg2 Kh7 62. Kf3 Kh6 63. Kg4 Be5 64. Rxb4 Bf6 65. Rb6 Kh7 66. f3 Bd4 67. Rc6 Be5 68. Kh5 Bf6 69. Ra6 Bd4 70. Kg5 Bf6+ 71. Kf4 Bd4 72. Ra2 Bf6 73. Rh2+ Kg8 74. Rg2 Kf7 75. Ra2 Bd4 76. Ra6 Bf6 77. Ke4 Kg8 78. Kd5 Kh7 79. Ke6 Bg5 80. Ra1 Bf6 81. Kf7 Bxa1 82. Ke6 Bf6 83. Kd5 Kh6 84. Ke4 Kh5 85. f4 Kh4 86. Kf3 Kh3 87. Ke4 Kg4 88. Kd5 Kg3 89. Ke6 Kxf4 0-1


[Site "https://www.chess.com"]

[Event "Titled Tuesday Blitz December 27 Late 2022"]
[White "Silvestre, Christian"]
[Black "Slade, Theodore"]
[WhiteFideId "30956269"]
[BlackFideId "426547"]
[WhiteElo "1942"]
[BlackElo "1995"]
[Result "0-1"]
[Round "07"]
[TimeControl "180+2"]
[Date "2022.12.27"]
[WhiteClock "0:01:44"]
[BlackClock "0:01:52"]

1. e4 e5 2. Nc3 Nf6 3. f4 d5 4. exd5 exf4 5. Nf3 Bb4 6. Bc4 O-O 7. O-O Nbd7 8. a3 Bxc3 9. dxc3 Nb6 10. Ba2 Nbxd5 11. Ne5 Be6 12. Qf3 Qd6 13. Bxf4 Qb6+ 14. Kh1 Qxb2 15. Bg5 Qxc3 16. Qf2 Qxe5 0-1


[Site "https://www.chess.com"]

[Event "Titled Tuesday Blitz December 27 Late 2022"]
[White "Skvortsov, Andrei"]
[Black "Sukandar, Irine Kharisma"]
[WhiteFideId "24108600"]
[BlackFideId "7101937"]
[WhiteElo "2313"]
[BlackElo "2390"]
[Result "0-1"]
[Round "07"]
[TimeControl "180+2"]
[Date "2022.12.27"]
[WhiteClock "0:00:14"]
[BlackClock "0:00:15"]

1. e4 e5 2. d4 exd4 3. Qxd4 Nc6 4. Qd3 Bc5 5. Nc3 Nf6 6. Qg3 d6 7. Bg5 h6 8. Qh4 Be6 9. Bd3 Qe7 10. Bxf6 gxf6 11. O-O-O f5 12. Qf4 fxe4 13. Nxe4 Bd4 14. Nf3 Bg7 15. Rhe1 O-O-O 16. Ned2 h5 17. Kb1 h4 18. Qa4 Kb8 19. c3 h3 20. g3 Rh5 21. Qc2 Rc5 22. a3 Ne5 23. Nxe5 Rxe5 24. Nf3 Rxe1 25. Rxe1 Qf6 26. Nd4 Bd5 27. f4 c5 28. Nb5 a6 29. c4 axb5 30. cxd5 c4 31. Bf5 Qd4 32. Bxh3 Qxd5 33. Rd1 Qc5 34. Qh7 Bh8 35. Qxf7 Qf2 36. Qd5 Qxb2# 0-1


[Site "https://www.chess.com"]

[Event "Titled Tuesday Blitz December 27 Late 2022"]
[White "Solon, Nathan"]
[Black "Stankovic, Ivan G"]
[WhiteFideId "2017229"]
[BlackFideId "902837"]
[WhiteElo "2306"]
[BlackElo "2302"]
[Result "1-0"]
[Round "07"]
[TimeControl "180+2"]
[Date "2022.12.27"]
[WhiteClock "0:00:45"]
[BlackClock "0:00:18"]

1. Nf3 Nf6 2. g3 g6 3. b3 Bg7 4. Bb2 O-O 5. Bg2 d6 6. d4 Nbd7 7. O-O Re8 8. c4 c6 9. h3 Qc7 10. Nc3 e5 11. e4 Nf8 12. d5 c5 13. Ne1 Nh5 14. Nc2 Bd7 15. Ne3 a6 16. Qd3 h6 17. Rae1 Rab8 18. Kh2 b5 19. f4 exf4 20. gxf4 Nxf4 21. Qd2 g5 22. Ne2 N8g6 23. Bxg7 Kxg7 24. Ng3 bxc4 25. Qc3+ f6 26. Nef5+ Bxf5 27. Nxf5+ Kh7 28. bxc4 Ne5 29. Qg3 Rb2 30. Rxf4 gxf4 31. Qxf4 Nf7 32. Kh1 Rg8 33. Bf3 Ng5 34. Bh5 Nxh3 35. Qxh6# 1-0


[Site "https://www.chess.com"]

[Event "Titled Tuesday Blitz December 27 Late 2022"]
[White "Sos Andreu, Eric"]
[Black "Sailer, Mike"]
[WhiteFideId "22247017"]
[BlackFideId "2012901"]
[WhiteElo "2352"]
[BlackElo "2109"]
[Result "1-0"]
[Round "07"]
[TimeControl "180+2"]
[Date "2022.12.27"]
[WhiteClock "0:00:11"]
[BlackClock "0:00:02"]

1. d4 d5 2. c4 Bf5 3. Qb3 Nc6 4. e3 e6 5. Bd2 Rb8 6. a3 Nf6 7. Nc3 Be7 8. Nf3 O-O 9. Be2 h6 10. O-O Ne4 11. Nxe4 Bxe4 12. Rac1 dxc4 13. Bxc4 Bd5 14. Bxd5 exd5 15. Qd3 Bd6 16. b4 Ne7 17. a4 Qd7 18. b5 f5 19. Qb3 Kh8 20. Ne5 Bxe5 21. dxe5 c6 22. Bc3 Rfe8 23. Bd4 b6 24. bxc6 Nxc6 25. Qb5 Nxe5 26. Qxd7 Nxd7 27. Rc7 Nf6 28. Rxa7 Rec8 29. h3 Rc2 30. Rd1 Ra2 31. Bxf6 gxf6 32. Rxd5 b5 33. Rxf5 b4 34. Rxf6 b3 35. Rxh6+ Kg8 36. Rg6+ Kh8 37. Ra5 Kh7 38. Rg4 Rb6 39. Rh5+ Rh6 40. Rxh6+ Kxh6 41. Rb4 b2 42. Kh2 Rxa4 43. Rxb2 1-0


[Site "https://www.chess.com"]